 Dungeon Crawl Stone Soup version 0.30-a0-172-gc5509c9e31 (webtiles) character file.

Game seed: 11410487832720621602

69570 Sobieck the Spry (level 15, -3/85 HPs)
             Began as a Kobold Brigand on Oct 1, 2022.
             Was a Believer of Uskayaw.
             Succumbed to a death drake's dark miasma
             ... on level 14 of the Dungeon.
             The game lasted 00:53:38 (22564 turns).

Sobieck the Spry (Kobold Brigand)                  Turns: 22564, Time: 00:53:39

Health: -3/85      AC: 14    Str:  9    XL:     15   Next: 74%
Magic:  24/24      EV: 41    Int: 14    God:    Uskayaw [**....]
Gold:   1127       SH: 14    Dex: 34    Spells: 14/14 levels left

rFire   + . .      SeeInvis .    a - +8 rapier (vamp) {short}
rCold   + . .      Faith    .    y - +0 buckler
rNeg    . . .      Spirit   .    S - +2 robe {rC+ rF+}
rPois   .          Reflect  +    s - +2 hat
rElec   .          Harm     .    c - +1 cloak
rCorr   .          Rampage  .    p - +2 pair of gloves
Will    +....                    Z - +2 pair of boots
Stlth   +++++++++.               o - amulet of reflection
HPRegen 0.34/turn                b - +6 ring of dexterity
MPRegen 0.19/turn                i - +6 ring of dexterity

@: lethally poisoned (-3 -> -28), slowed, studying Earth Magic, very slow
A: small, no large weapons, nightstalker 3
a: Renounce Religion, Stomp, Line Pass


You were on level 14 of the Dungeon.
You worshipped Uskayaw.
Uskayaw was pleased with you.
You visited 3 branches of the dungeon, and saw 20 of its levels.
You also visited: Sewer.

You collected 1557 gold pieces.
You spent 430 gold pieces at shops.


Innate Abilities, Weirdness & Mutations

You are small and have problems with some larger weapons.
You are completely attuned to the shadows.


   Skills:
 + Level 6.8 Fighting
 - Level 14.0 Short Blades
 - Level 2.4 Throwing
 + Level 19.1 Dodging
 + Level 17.7 Stealth
 + Level 4.6 Shields
 + Level 12.6 Invocations


You had 14 spell levels left.
You didn't know any spells.
Your spell library contained the following spells:

 Spells                   Type           Power      Damage    Failure   Level
 Apportation              Tloc           0%         N/A       38%         1
 Freeze                   Ice            0%         1d3       38%         1
 Sting                    Tmut/Pois      0%         1d3       38%         1
 Cigotuvi's Dreadful Rot  Necr/Pois/Air  0%         N/A       54%         2
 Passwall                 Tmut/Erth      0%         N/A       54%         2
 Call Canine Familiar     Summ           0%         N/A       77%         3
 Frozen Ramparts          Ice            0%         1d1       77%         3
 Portal Projectile        Hex/Tloc       0%         N/A       77%         3
 Airstrike                Air            0%         2d(0-16)  99%         4
 Dispel Undead            Necr           0%         3d6       99%         4
 Ice Form                 Ice/Tmut       0%         N/A       99%         4
 Leda's Liquefaction      Hex/Erth       0%         N/A       99%         4
 Petrify                  Tmut/Erth      0%         N/A       99%         4
 Summon Ice Beast         Ice/Summ       0%         N/A       99%         4
 Alistair's Intoxication  Tmut/Pois      0%         N/A       100%        5
 Metabolic Englaciation   Hex/Ice        0%         N/A       100%        5
 Death Channel            Necr           0%         N/A       100%        6
 Statue Form              Tmut/Erth      0%         N/A       100%        6
 Necromutation            Tmut/Necr      0%         N/A       100%        8
 Death's Door             Necr           0%         N/A       100%        9

Inventory:

Hand Weapons
 a - a +8 vampiric rapier (weapon) {short}
   (You found it on level 6 of the Dungeon)
 h - a +1 short sword of venom {short}
   (You took it off an orc on level 5 of the Dungeon)
 m - a +5 long sword {long}
   (You took it off a wight on level 7 of the Dungeon)
 L - a +2 rapier of draining {short}
   (You found it on level 1 of the Lair of Beasts)
 Q - the +6 shillelagh "Devastator" {shatter}
   (You found it on level 8 of the Dungeon)

   It releases a powerful concussive burst when it strikes, dealing extra damage
   to the target and all other foes adjacent to them.
 X - a +5 hand axe of freezing {axe}
   (You took it off a wight on level 6 of the Dungeon)
Missiles
 d - 38 poisoned darts {throwing}
 e - 4 curare-tipped darts (quivered) {=fthrowing}
 n - 9 boomerangs {throwing}
 O - 3 throwing nets {=f!fthrowing}
Armour
 c - a +1 cloak (worn)
 p - a +2 pair of gloves (worn)
   (You bought it in a shop on level 3 of the Dungeon)
 s - a +2 hat (worn)
   (You found it on level 9 of the Dungeon)
 y - a +0 buckler (worn)
   (You found it on level 3 of the Dungeon)
 S - a +2 robe of resistance (worn)
   (You took it off a wight on level 5 of the Dungeon)
 Z - a +2 pair of boots (worn)
   (You found it on level 6 of the Dungeon)
Jewellery
 b - a +6 ring of dexterity (left hand)
   (You found it on level 8 of the Dungeon)
 i - a +6 ring of dexterity (right hand)
   (You found it on level 8 of the Dungeon)
 o - an amulet of reflection (around neck)
   (You found it on level 3 of the Dungeon)
 z - a ring of see invisible
   (You bought it in a shop on level 3 of the Dungeon)
 B - a ring of poison resistance
   (You found it on level 1 of the Lair of Beasts)
 V - a ring of positive energy
   (You found it on level 3 of the Lair of Beasts)
Wands
 u - a wand of iceblast (8)
   (You took it off a spriggan on level 5 of the Lair of Beasts)
 E - a wand of quicksilver (17)
   (You found it on level 6 of the Dungeon)
 I - a wand of digging (18)
   (You took it off Ijyb on level 4 of the Dungeon)
 K - a wand of polymorph (6)
   (You found it on level 13 of the Dungeon)
 R - a wand of flame (40)
   (You found it on level 11 of the Dungeon)
 Y - a wand of paralysis (19)
   (You found it on level 11 of the Dungeon)
Scrolls
 f - 8 scrolls of teleportation {@r4}
 g - 5 scrolls of immolation {!r!r}
 l - 4 scrolls of fear
 w - 9 scrolls of fog
 A - 3 scrolls of blinking {!r}
 D - 3 scrolls of torment {!r}
 G - a scroll of magic mapping {!r}
 N - 2 scrolls of vulnerability {!r!r}
 T - a scroll of silence {!r}
 U - 7 scrolls of identify {@r1}
 W - 3 scrolls of poison {!r}
Potions
 j - 4 potions of heal wounds {@q2}
 k - 2 potions of might
 q - 2 potions of mutation {!q}
 r - a potion of berserk rage {!q}
 t - 4 potions of brilliance
 v - 3 potions of lignification {!q}
 x - 2 potions of cancellation
 C - 5 potions of curing {@q1}
 F - 4 potions of attraction {!q}
 J - 4 potions of haste {@q3}
 M - a potion of magic
 P - 2 potions of invisibility
Miscellaneous
 H - a piece from Xom's chessboard (15/15)
   (You found it on level 5 of the Lair of Beasts)

Dungeon Overview and Level Annotations

Branches:
Dungeon (14/15) Zot: 26898  Temple (1/1) D:5 Zot: 5919    Lair (5/5) D:9 Zot: 24220
 Shoals (0/4) Lair:3        Snake (0/4) Lair:3          Orc (0/2) D:12
  Sewer (visited)
  Slime: Lair:4-5    Vaults: D:13-14

Altars:
Cheibriados
Dithmenos
Elyvilon
Fedhas
Hepliaklqana
Kikubaaqudgha
Qazlal
Ru
Sif Muna
Uskayaw
Xom
The Shining One
Jiyva
Lugonu

Shops:
D:2 *   D:3 [=[=

Portals:
Abyss: Lair:5

Annotations:
D:5 2 transporters, exclusion: wraith
D:8 4 transporters
D:11 2 transporters
Lair:5 exclusion: 4 oklob plants

#########
...k°°..##
...°@°°..#
...°°°..#
######..###########
.........(.....#
.....#########.#
###.## #.# #. #.# #
#.# ##.##


You could see a death drake.


Message History

(P) Snake Pit (O) Orcish Mines
Where to? (Enter - D:13, ? - help)
There is an open door here.
There is a stone staircase leading down, spattered with blood here.
You climb downwards.
You hear a distant snort.
Hark!
There is a gateway to a gauntlet on this level.
Find the entrance quickly before the gate is sealed!
There is a stone staircase leading up here.
Unknown command.
Unknown command.
Unknown command.
O - 3 throwing nets {=f!fthrowing} (gained 1)
You now have 1110 gold pieces (gained 6).
An eight-headed hydra comes into view.
Danger!
The helpless eight-headed hydra fails to defend itself.
You spit the eight-headed hydra like a pig!!!!!
You kill the eight-headed hydra!
Unknown command.
f - 8 scrolls of teleportation {@r4} (gained 1)
W - 3 scrolls of poison {!r} (gained 1)
Found a stone staircase leading up.
Unknown command.
Found a stone staircase leading down.
Unknown command.
You now have 1127 gold pieces (gained 17).
You hear the beating of a distant drum.
U - 7 scrolls of identify {@r1} (gained 1)
A tengu conjurer comes into view.
You see here 6 stones {throwing}.
Danger!
A tengu conjurer comes into view.
The helpless tengu conjurer fails to defend itself.
You perforate the tengu conjurer like a sieve!!!!!
You kill the tengu conjurer!
The helpless tengu conjurer fails to defend itself.
You spit the tengu conjurer like a pig!!!!!
You kill the tengu conjurer!
You can now pass through a line of other dancers.
No target in view!
You see here a tengu corpse.
You see here 7 stones {throwing}.
A death drake comes into view.
The death drake moves out of view.
No target in view!
No target in view!
Unknown command.
No target in view!
No target in view!
Unknown command.
Unknown command.
Unknown command.
Unknown command.
Unknown command.
Unknown command.
Danger!
Unknown command.
You block the death drake's attack. x2
You hit the death drake. The death drake breathes miasma at you.
The foul vapour misses you.
You puncture the death drake!
You are engulfed in dark miasma.
You are poisoned.
You feel yourself slow down.
You feel very sick.
You impale the death drake!!
You feel better.
You are engulfed in dark miasma.
You are more poisoned.
You feel extremely sick. The death drake completely misses you.
You block the death drake's attack.
You puncture the death drake!
You feel better.
You are engulfed in dark miasma.
You are more poisoned.
You feel as though you will be slow longer.
You feel extremely sick. You block the death drake's attack.
You can now pass through a line of other dancers.
You miss the death drake.
You are engulfed in dark miasma.
You are lethally poisoned!
You feel extremely sick. The death drake breathes miasma at you.
The foul vapour engulfs you!
You are more poisoned.
* * * LOW HITPOINT WARNING * * *
You hit the death drake.
You hear the beating of a very distant drum.
You are engulfed in dark miasma.
You are more poisoned.
* * * LOW HITPOINT WARNING * * *
x2 You feel extremely sick.
You block the death drake's attack.
Unknown command.
You feel better.
You are engulfed in dark miasma.
You are lethally poisoned!
You feel as though you will be slow longer.
* * * LOW HITPOINT WARNING * * *
You die...

Skill      XL: |  1  2  3  4  5  6  7  8  9 10 11 12 13 14 15 |
---------------+----------------------------------------------+-----
Short Blades   | 3 4 5 6 8 10 11 13 14 | 14.0
Dodging        | 2 3 4 5 7 9 13 14 15 16 18 19 | 19.1
Stealth        | 6 7 8 10 11 12 13 15 16 17 | 17.7
Invocations    | 1 5 7 10 11 12 | 12.6
Fighting       | 4 6 |  6.8
Shields        | 3 4 |  4.6
Throwing       | |  2.4

Action                   |  1- 3 |  4- 6 |  7- 9 | 10-12 | 13-15 || total
-------------------------+-------+-------+-------+-------+-------++-------
Melee: Dagger            |    68 |   285 |   409 |       |       ||   762
       Rapier            |       |       |    47 |   704 |   640 ||  1391
Throw: Dart              |       |     4 |       |     5 |     1 ||    10
Invok: Line Pass         |       |       |     8 |    10 |     2 ||    20
  Use: Scroll            |       |     9 |     8 |    21 |     8 ||    46
       Potion            |       |       |     1 |     1 |     2 ||     4
 Stab: Sleeping          |    14 |    17 |    20 |    51 |    96 ||   198
       Confused          |       |       |     2 |     8 |     1 ||    11
       Paralysed         |       |       |     5 |    29 |    50 ||    84
       Distracted        |       |       |     1 |    11 |     3 ||    15
Armor: Robe              |     9 |    21 |    26 |    37 |    30 ||   123
Dodge: Dodged            |    24 |   219 |   192 |   323 |   310 ||  1068
Block: Other             |       |    40 |       |       |       ||    40
       Reflection        |       |     3 |     2 |     3 |     1 ||     9
       Buckler           |       |    56 |   149 |   291 |   221 ||   717

Levels and vault maps discovered:
D:1:      beargit_arrival_greenhouse, layout_basic,
          hellmonk_ecumenical_altar_crossroads, minmay_distorted
D:2:      layout_rooms, serial_shops, nicolae_shop_advertising_works
          [nicolae_subvault_shop_adworks]
D:3:      layout_basic, serial_forest, infiniplex_forest_straight_3,
          infiniplex_forest_clump_curved, infiniplex_forest_lined_3,
          infiniplex_forest_straight_4, infiniplex_forest_straight_2,
          infiniplex_forest_lined_2, infiniplex_forest_diagonal,
          infiniplex_forest_lined_room_2, infiniplex_forest_straight_3,
          infiniplex_forest_diagonal, portal_sewer_entry_f, serial_shops,
          nicolae_square_shop, nicolae_square_shop, shop_statue, shop,
          nrook_mini_backslash, uniq_terence, uniq_jessica, uniq_robin
D:4:      layout_gridville, riverfiend_overflow_shadow_ancestor, serial_shops,
          shop, uniq_edmund, uniq_ijyb
D:5:      layout_cave_pools, minmay_temple_entry_glassed_door,
          gammafunk_ghost_stat_death, kennysheep_decorative_pillar,
          minmay_manual_monstrance, uniq_blork_the_orc, uniq_crazy_yiuf_cottage
D:6:      layout_basic, mainiacjoe_overflow_cross_hatched,
          mainiacjoe_overflow_catwalk_spiral
D:7:      layout_cave_pods, kennysheep_little_box,
          mainiacjoe_overflow_boulevard, xom_teletrap_fun,
          mainiacjoe_overflow_surrounded_room
D:8:      layout_cave_pods, nicolae_transporter_intersection
D:9:      layout_loops_ring, nicolae_sif_muna_condensation, david_lair_shrubbed,
          the_hattery
D:10:     layout_loops_ring
D:11:     gammafunk_cloud_chamber, layout_rooms
D:12:     layout_roguey [special_room_orc], erik_orc_3
D:13:     layout_grid_maze, uniq_lodul, uniq_josephine
D:14:     layout_loops_ring, david_vaults_2, gauntlet_entry_generic
Temple:   hellmonk_temple_flake
Lair:1:   cheibrodos_lair_river_kwai, layout_regular_city, grunt_megastairs_3,
          lemuel_fruit_tree
Lair:2:   layout_gridlike
Lair:3:   layout_hall_layers, minmay_shoals_entry_beasts,
          guppyfry_snake_entry_island, basic_altar, tgw_fedhas
Lair:4:   layout_long_grid, serial_bayou_shore_a, lemuel_fruit_fields,
          serial_bayou_shore_b, grunt_megastairs_5
Lair:5:   hellmonk_lair_end_abyssal_woods, layout_layer_cave,
          minmay_slime_entry_oklob_enclosed, minivault_25,
          minmay_lair_oklob_bushes, eino_small_chamber_without_monster,
          nicolae_lair_lil_pond

Notes
Turn   | Place    | Note
-------+----------+-------------------------------------------
     0 | D:1      | Sobieck the Kobold Brigand began the quest for the Orb.
     0 | D:1      | Reached XP level 1. HP: 12/12 MP: 1/1
   297 | D:1      | Found a faded altar of an unknown god.
   470 | D:1      | Reached XP level 2. HP: 13/18 MP: 2/2
   762 | D:1      | Reached skill level 3 in Short Blades
  1383 | D:2      | Reached XP level 3. HP: 22/22 MP: 3/3
  1400 | D:2      | Reached skill level 2 in Dodging
  1628 | D:2      | Reached XP level 4. HP: 27/27 MP: 4/4
  1644 | D:2      | Reached skill level 6 in Stealth
  1808 | D:2      | Found Venejets's General Store.
  1814 | D:2      | Bought a scroll of identify for 24 gold pieces
  1818 | D:2      | Bought a scroll of identify for 24 gold pieces
  1873 | D:3      | Found Mezul's Jewellery Shop.
  2042 | D:3      | Noticed Jessica
  2116 | D:3      | Noticed Robin
  2120 | D:3      | Reached skill level 4 in Short Blades
  2124 | D:3      | Noticed Terence
  2189 | D:3      | Killed Jessica
  2190 | D:3      | Reached skill level 3 in Dodging
  2190 | D:3      | Reached XP level 5. HP: 24/31 MP: 5/5
  2219 | D:3      | Found Uxzeer's Armour Boutique.
  2322 | D:3      | Found Urghukugo's Armour Boutique.
  2468 | D:3      | Found a glowing drain.
  2478 | Sewer    | Entered a sewer
  2976 | Sewer    | Reached XP level 6. HP: 34/36 MP: 6/6
  3263 | D:3      | Killed Terence
  3264 | D:3      | Reached skill level 7 in Stealth
  3418 | D:3      | Found Vockoniu's Jewellery Shoppe.
  3651 | D:3      | Killed Robin
  3652 | D:3      | Reached skill level 5 in Short Blades
  3652 | D:3      | Reached skill level 4 in Dodging
  4143 | D:2      | Bought a +0 pair of boots for 54 gold pieces
  4221 | D:4      | Noticed Edmund
  4322 | D:4      | You pick up a book of the Hunter and begin reading...
  4322 | D:4      | You add the spells Call Canine Familiar, Portal Projectile
                  | and Leda's Liquefaction to your library.
  4370 | D:4      | Found a shadowy altar of Dithmenos.
  4370 | D:4      | Found a hazy altar of Hepliaklqana.
  4370 | D:4      | Noticed a shadow
  4396 | D:4      | Found Maxeigei's Antique Weapon Boutique.
  4467 | D:4      | Noticed Ijyb
  4472 | D:4      | Killed Ijyb
  4647 | D:4      | Noticed an ogre
  4671 | D:4      | Killed an ogre
  4672 | D:4      | Reached XP level 7. HP: 40/40 MP: 7/7
  4825 | D:4      | Identified the amulet "Diavvad" {RegenMP Dex+2 SInv}
  4851 | D:4      | You add the spells Sting, Passwall, Airstrike and Statue
                  | Form to your library.
  4851 | D:4      | Got the Codex of Shocking Shaping
  4872 | D:4      | Reached skill level 5 in Dodging
  4921 | D:4      | Killed Edmund
  4922 | D:4      | Reached skill level 6 in Short Blades
  4922 | D:4      | Reached skill level 8 in Stealth
  5020 | D:5      | Entered Level 5 of the Dungeon
  5372 | D:5      | Found a staircase to the Ecumenical Temple.
  5400 | Temple   | Entered the Ecumenical Temple
  5471 | Temple   | Became a worshipper of Uskayaw the Reveller
  5514 | D:5      | Found a transporter.
  5536 | D:5      | Found a transporter.
  5574 | D:5      | Noticed a wraith
  5576 | D:5      | Reached XP level 8. HP: 45/45 MP: 8/8
  5584 | D:5      | Reached * piety under Uskayaw
  5704 | D:5      | Reached ** piety under Uskayaw
  5809 | D:6      | Reached *** piety under Uskayaw
  5830 | D:5      | Reached skill level 7 in Short Blades
  5830 | D:5      | Reached skill level 6 in Dodging
  5830 | D:5      | Reached skill level 9 in Stealth
  6265 | D:6      | Found a white marble altar of Elyvilon.
  6299 | D:6      | You pick up a book of Party Tricks and begin reading...
  6299 | D:6      | You add the spells Apportation and Alistair's Intoxication
                  | to your library.
  6301 | D:6      | Found a glowing golden altar of the Shining One.
  6332 | D:6      | Found a stormy altar of Qazlal.
  6427 | D:6      | Reached skill level 8 in Short Blades
  6427 | D:6      | Reached skill level 7 in Dodging
  6481 | D:6      | Reached skill level 10 in Stealth
  6481 | D:6      | Reached XP level 9. HP: 49/49 MP: 9/9
  6730 | D:6      | Reached **** piety under Uskayaw
  6731 | D:6      | Reached skill level 9 in Short Blades
  6731 | D:6      | Reached skill level 8 in Dodging
  6734 | D:6      | Reached ***** piety under Uskayaw
  6735 | D:6      | Reached skill level 11 in Stealth
  6938 | D:2      | Bought a scroll of enchant weapon for 90 gold pieces
  7567 | D:7      | Reached skill level 10 in Short Blades
  7684 | D:7      | Found a blossoming altar of Fedhas.
  7703 | D:7      | Reached skill level 9 in Dodging
  7703 | D:7      | Reached XP level 10. HP: 54/54 MP: 10/10
  7776 | D:7      | Reached skill level 12 in Stealth
  8018 | D:7      | Reached skill level 10 in Dodging
  8137 | D:7      | Found a sacrificial altar of Ru.
  8217 | D:7      | Found a snail-covered altar of Cheibriados.
  8487 | D:3      | Bought a ring of see invisible for 180 gold pieces
  8629 | D:5      | Noticed Blork the orc
  8633 | D:5      | Killed Blork the orc
  8675 | D:5      | Reached skill level 11 in Dodging
  8837 | D:5      | Found a runed translucent door.
  8840 | D:5      | Noticed Crazy Yiuf
  9099 | D:5      | Killed Crazy Yiuf
  9347 | D:7      | Found a shimmering altar of Xom.
  9559 | D:8      | Found a transporter.
  9635 | D:8      | Reached skill level 12 in Dodging
  9815 | D:8      | Noticed a two-headed ogre
 10481 | D:8      | Killed a two-headed ogre
 10482 | D:8      | Reached skill level 13 in Dodging
 10482 | D:8      | Reached skill level 1 in Invocations
 10482 | D:8      | Reached XP level 11. HP: 58/58 MP: 6/12
 10570 | D:8      | Found the +6 shillelagh "Devastator" {shatter}
 10593 | D:8      | Found a transporter.
 10614 | D:8      | Reached skill level 2 in Invocations
 10637 | D:8      | Found a transporter.
 10658 | D:8      | Found a transporter.
 10955 | D:3      | Bought a +0 pair of gloves for 58 gold pieces
 11362 | D:9      | Reached skill level 3 in Invocations
 11374 | D:9      | Reached ****** piety under Uskayaw
 11403 | D:9      | Reached skill level 11 in Short Blades
 11412 | D:9      | Reached skill level 13 in Stealth
 11412 | D:9      | Found a shimmering blue altar of Sif Muna.
 11550 | D:9      | Reached skill level 4 in Invocations
 11737 | D:9      | You pick up a book of Decay and begin reading...
 11737 | D:9      | You add the spells Cigotuvi's Dreadful Rot, Dispel Undead
                  | and Death Channel to your library.
 12033 | D:9      | Found a staircase to the Lair.
 12085 | D:10     | Entered Level 10 of the Dungeon
 12182 | D:10     | Reached skill level 14 in Dodging
 12321 | D:10     | Reached skill level 5 in Invocations
 12433 | D:10     | Reached XP level 12. HP: 64/64 MP: 10/15
 12552 | D:10     | Reached skill level 12 in Short Blades
 12842 | D:10     | Noticed a two-headed ogre
 12849 | D:10     | Killed a two-headed ogre
 12850 | D:10     | Reached skill level 14 in Stealth
 13219 | D:11     | Found a transporter.
 13220 | D:11     | You pick up a book of Rime and begin reading...
 13220 | D:11     | You add the spells Frozen Ramparts, Ice Form and Summon Ice
                  | Beast to your library.
 13258 | D:11     | Reached skill level 6 in Invocations
 13376 | D:11     | Found a transporter.
 13920 | D:12     | Found a staircase to the Orcish Mines.
 14264 | D:12     | HP: 16/64 [troll (12)]
 14605 | D:12     | Noticed a two-headed ogre
 14609 | D:12     | Killed a two-headed ogre
 14610 | D:12     | Reached skill level 13 in Short Blades
 14610 | D:12     | Reached skill level 7 in Invocations
 14643 | D:12     | Reached skill level 15 in Dodging
 14643 | D:12     | Reached skill level 15 in Stealth
 14758 | D:12     | Noticed a boulder beetle
 14803 | D:11     | Killed a boulder beetle
 14949 | Lair:1   | Entered Level 1 of the Lair of Beasts
 15052 | Lair:1   | Reached XP level 13. HP: 68/68 MP: 18/18
 15255 | Lair:1   | Reached skill level 8 in Invocations
 15833 | Lair:1   | Reached skill level 14 in Short Blades
 15907 | Lair:1   | Reached skill level 16 in Stealth
 16050 | Lair:1   | Reached skill level 16 in Dodging
 16050 | Lair:1   | Reached skill level 9 in Invocations
 16067 | Lair:1   | Noticed a six-headed hydra
 16077 | Lair:1   | Killed a six-headed hydra
 17289 | Lair:3   | Reached skill level 10 in Invocations
 17496 | Lair:3   | Found a staircase to the Shoals.
 17671 | Lair:3   | Found a blossoming altar of Fedhas.
 17810 | Lair:3   | Found an ancient bone altar of Kikubaaqudgha.
 17957 | Lair:3   | Found a staircase to the Snake Pit.
 18199 | Lair:4   | Reached XP level 14. HP: 72/72 MP: 21/21
 18212 | Lair:4   | Reached skill level 17 in Dodging
 18229 | Lair:4   | Reached skill level 11 in Invocations
 18254 | Lair:4   | You add the spells Freeze, Necromutation and Death's Door
                  | to your library.
 18254 | Lair:4   | Got Cexzukk's Secrets of Congealing Blasphemous Mysteries
 18579 | Lair:4   | Reached skill level 18 in Dodging
 19262 | Lair:5   | Entered Level 5 of the Lair of Beasts
 19267 | Lair:5   | Reached skill level 3 in Fighting
 19270 | Lair:5   | Reached skill level 1 in Shields
 19410 | Lair:5   | Reached skill level 2 in Shields
 19614 | Lair:5   | Reached skill level 4 in Fighting
 19673 | Lair:5   | You pick up a book of Sloth and begin reading...
 19673 | Lair:5   | You add the spells Petrify and Metabolic Englaciation to
                  | your library.
 19915 | Lair:5   | Found a viscous altar of Jiyva.
 20052 | Lair:5   | Reached skill level 3 in Shields
 20059 | Lair:5   | Reached XP level 15. HP: 81/81 MP: 23/23
 20103 | Lair:5   | Reached skill level 5 in Fighting
 20225 | Lair:5   | Reached skill level 17 in Stealth
 20365 | Lair:5   | Found a corrupted altar of Lugonu.
 20366 | Lair:5   | Found a one-way gate to the infinite horrors of the Abyss.
 20378 | Lair:5   | Reached skill level 12 in Invocations
 21234 | D:13     | Reached skill level 6 in Fighting
 21284 | D:13     | Reached skill level 4 in Shields
 21792 | D:13     | Noticed Josephine
 21816 | D:13     | Killed Josephine
 21817 | D:13     | Reached skill level 19 in Dodging
 21960 | D:13     | Noticed Lodul
 21966 | D:13     | Killed Lodul
 22563 | D:14     | HP: 7/85 [poisoned by a death drake (dark miasma)]
 22564 | D:14     | Succumbed to a death drake's dark miasma

Vanquished Creatures
  Josephine (D:13)
  3 hydras
  5 boulder beetles
  4 two-headed ogres
  A catoblepas (D:13)
  2 centaur warriors (D:13)
  9 death yaks
  2 thrashing horrors (Lair:5)
  Lodul (D:13)
  2 ugly things (Lair:5)
  A cyclops (D:11)
  3 manticores
  10 elephants (Lair:5)
  11 black mambas
  15 cane toads
  3 smoke demons (Lair:5)
  A rime drake (Lair:1)
  An unseen horror (D:11)
  9 komodo dragons
  3 tengu conjurers
  An ancient zyme (Lair:5)
  3 polar bears
  5 trolls
  12 slime creatures
  3 meliai (D:13)
  A wind drake (Lair:3)
  A blink frog (shapeshifter) (D:13)
  A hornet (D:8)
  17 blink frogs
  2 large abominations (Lair:5)
  2 ynoxinuls (Lair:5)
  7 wraiths
  3 spriggans
  11 small abominations (Lair:5)
  A wyvern (D:7)
  2 shadows (D:11)
  A yak (shapeshifter) (Lair:5)
  72 yaks
  A chaos spawn (Lair:5)
  5 vampire mosquitoes
  7 basilisks
  A steam dragon (D:10)
  2 nagas (Lair:3)
  An acid dragon (D:9)
  Edmund (D:4)
  12 water moccasins
  11 orc warriors
  2 ice beasts
  A sky beast (D:5)
  11 ogres
  13 wolves
  6 centaurs
  2 phantoms (D:6)
  5 kobold brigands
  Blork the orc (D:5)
  16 bullfrogs
  3 necrophages
  2 scorpions
  18 wights
  An electric eel (Lair:4)
  5 howler monkeys
  Crazy Yiuf (D:5)
  3 hounds
  5 jellies
  14 orc priests
  An iguana (D:7)
  Terence (D:3)
  Jessica (D:3)
  Ijyb (D:4)
  12 orc wizards
  6 hell rats (Lair:4)
  Robin (D:3)
  7 gnolls (D:5)
  17 adders
  A river rat (Sewer)
  A shadow imp (D:6)
  A white imp (D:5)
  An ufetubus (D:4)
  2 worms
  2 dart slugs (D:3)
  69 orcs
  6 ball pythons
  6 endoplasms
  5 giant cockroaches
  13 goblins
  10 hobgoblins
  7 jackals
  8 quokkas
  6 bats
  6 frilled lizards
  18 kobolds
  8 rats
599 creatures vanquished.

Vanquished Creatures (others)
  9 fungi
  34 plants
43 creatures vanquished.

Grand Total: 642 creatures vanquished

Table legend:
 A = Non-vault XP
 B = Vault XP
 C = Vault XP percentage of total XP
 D = Non-vault monster count
 E = Vault monster count
 F = Vault count percentage of total count
                 A         B        C        D         E       F
            +---------+---------+-------+---------+---------+-------
      Total |   70536 |   28851 |  29.0 |     426 |     173 |  28.9
            +---------+---------+-------+---------+---------+-------
        D:1 |      22 |       4 |  15.4 |      13 |       3 |  18.8
        D:2 |      59 |       0 |   0.0 |      13 |       0 |   0.0
        D:3 |      53 |     113 |  68.1 |      17 |      15 |  46.9
        D:4 |     415 |     193 |  31.7 |      28 |       2 |   6.7
        D:5 |     874 |     579 |  39.8 |      26 |       8 |  23.5
        D:6 |    2013 |       0 |   0.0 |      25 |       0 |   0.0
        D:7 |    1150 |       0 |   0.0 |      21 |       0 |   0.0
        D:8 |    2748 |       0 |   0.0 |      32 |       0 |   0.0
        D:9 |    3511 |     583 |  14.2 |      29 |       2 |   6.5
       D:10 |    5503 |       0 |   0.0 |      29 |       0 |   0.0
       D:11 |    3774 |       0 |   0.0 |      27 |       0 |   0.0
       D:12 |    3627 |    1611 |  30.8 |      13 |      46 |  78.0
       D:13 |   11790 |    3409 |  22.4 |      22 |      13 |  37.1
       D:14 |    1572 |       0 |   0.0 |       3 |       0 |   0.0
     Lair:1 |    7808 |    3891 |  33.3 |      35 |       9 |  20.5
     Lair:2 |    4090 |       0 |   0.0 |      17 |       0 |   0.0
     Lair:3 |    1641 |    1116 |  40.5 |       7 |       4 |  36.4
     Lair:4 |    6286 |    5739 |  47.7 |      34 |       9 |  20.9
     Lair:5 |   13600 |   11513 |  45.8 |      35 |      41 |  53.9
      Sewer |       0 |     100 | 100.0 |       0 |      21 | 100.0
            +---------+---------+-------+---------+---------+-------

Illustrated notes

Table legend:
 A = Kills in this place as a percentage of kills in entire the game.
 B = Kills by you in this place as a percentage of kills by you in the entire game.
 C = Kills by friends in this place as a percentage of kills by friends in the entire game.
 D = Other kills in this place as a percentage of other kills in the entire game.
 E = Experience gained in this place as a percentage of experience gained in the entire game.
 F = Experience gained in this place divided by the number of levels of this place that you have seen.
                   A       B       C       D       E      F
               +-------+-------+-------+-------+-------+----------------------
         Total | 100.0 | 100.0 |   N/A |   N/A | 100.0 | 4732.7
       Dungeon |  64.6 |  64.6 |   N/A |   N/A |  43.9 | 3114.5
          Lair |  31.9 |  31.9 |   N/A |   N/A |  56.0 | 11136.8
         Sewer |   3.5 |   3.5 |   N/A |   N/A |   0.1 | 100.0
               +-------+-------+-------+-------+-------+----------------------

Table legend: (Time is in decaauts)
 A = Elapsed time spent in this place.
 B = Non-inter-level travel time spent in this place.
 C = Inter-level travel time spent in this place.
 D = Time resting spent in this place.
 E = Time spent auto-exploring this place.
 F = Levels seen in this place.
 G = Mean time per level.
                   A        B        C        D        E       F      G
               +--------+--------+--------+--------+--------+-----+--------+
         Total |  22151 |  20365 |   1786 |   1695 |  14635 |  21 | 1054.8 |
       Dungeon |  15408 |  13865 |   1543 |   1350 |   9637 |  14 | 1100.6 |
        Temple |     80 |     71 |      9 |      0 |     65 |   1 |   80.0 |
          Lair |   5779 |   5545 |    234 |    289 |   4337 |   5 | 1155.8 |
         Sewer |    883 |    883 |      0 |     56 |    596 |   1 |  883.0 |
               +--------+--------+--------+--------+--------+-----+--------+

Top non-repeatable levels by time:
     D:5: 1673 daAuts
     D:3: 1525 daAuts
  Lair:5: 1475 daAuts
     D:8: 1335 daAuts
     D:4: 1292 daAuts
     D:1: 1231 daAuts
     D:7: 1213 daAuts
  Lair:1: 1213 daAuts
    D:13: 1206 daAuts
    D:12: 1152 daAuts
  Lair:4: 1091 daAuts
     D:6: 1061 daAuts
     D:9: 1008 daAuts
  Lair:3: 1000 daAuts
  Lair:2: 999 daAuts
